 Dungeon Crawl Stone Soup version 0.28-a0-655-g4eb62b627b (webtiles) character file.

Game seed: 11567901047221492521

180 bande the Skirmisher (level 5, -5/33 HPs)
             Began as a Gargoyle Fighter on Oct 13, 2021.
             Slain by an ogre (13 damage)
             ... on level 4 of the Dungeon.
             The game lasted 00:07:09 (3153 turns).

bande the Skirmisher (Gargoyle Fighter)             Turns: 3153, Time: 00:07:09

Health: -5/33      AC: 12    Str: 20    XL:     5   Next: 60%
Magic:  5/5        EV:  9    Int:  9    God:
Gold:   216        SH:  5    Dex:  9    Spells: 4/4 levels left

rFire   . . .      SeeInvis .   a - +1 war axe
rCold   . . .      Faith    .   c - +1 buckler
rNeg    + . .      Spirit   .   b - +0 scale mail
rPois   ∞          Reflect  .   (no helmet)
rElec   +          Harm     .   m - +0 cloak
rCorr   .          Rampage  .   (no gloves)
Will    .....                   (no boots)
Stlth   ..........              (no amulet)
HPRegen 0.11/turn               (no ring)
MPRegen 0.09/turn               (no ring)

@: no status effects
A: sickness immunity, AC +4, negative energy resistance 1, electricity
resistance, torment resistance 1, petrification resistance
a: no special abilities


You were on level 4 of the Dungeon.
You visited 1 branch of the dungeon, and saw 4 of its levels.

You collected 216 gold pieces.

Inventory:

Hand Weapons
 a - a +1 war axe (weapon)
 i - a +0 war axe
 j - a +0 flail
Armour
 b - a +0 scale mail (worn)
 c - a +1 buckler (worn)
 m - a +0 cloak (worn)
Scrolls
 g - 2 scrolls of teleportation
 k - a scroll of fear
Potions
 d - 2 potions of might
 e - 2 potions of curing
 f - a potion of heal wounds
 h - a potion of invisibility {unknown}
 l - a potion of flight {unknown}


   Skills:
 + Level 4.2 Fighting
 + Level 3.5 Axes
 + Level 4.1 Armour
 - Level 0.3 Dodging
 + Level 3.8 Shields


You had 4 spell levels left.
You didn't know any spells.
Your spell library contained the following spells:

 Spells                   Type           Power      Damage    Failure   Level
 Magic Dart               Conj           0%         1d3       75%         1
 Call Imp                 Summ           0%         N/A       86%         2
 Mephitic Cloud           Conj/Pois/Air  0%         N/A       98%         3


Dungeon Overview and Level Annotations

Branches:
Dungeon (4/15)
 Temple: D:4-7

Altars:
Gozag


Innate Abilities, Weirdness & Mutations

You are immune to sickness and miasma.
Your stone body is resilient. (AC +4)
You are immune to poison.
You resist negative energy. (rN+)
You are resistant to electric shocks. (rElec)
You are resistant to unholy torment.
You are immune to petrification.


Message History

You hit the hound skeleton.
The hound skeleton bites you but does no damage.
The giant cockroach closely misses you. You block the hound skeleton's attack.
Unknown command.
The giant cockroach closely misses you.
The hound skeleton bites you but does no damage.
You slash the hound skeleton!
You destroy the hound skeleton!
You slash the giant cockroach!
You kill the giant cockroach!
An adder skeleton comes into view.
An ogre comes into view. It is wielding a +0 giant spiked club.
The ogre shouts!
You hear a shout!
An orc comes into view. It is wielding a +0 whip.
The adder skeleton bites you but does no damage.
The orc moves out of view.
You closely miss the adder skeleton.
The adder skeleton bites you but does no damage.
The adder skeleton barely misses you.
The ogre hits you with a +0 giant spiked club!!
Ouch! That really hurt!
* * * LOW HITPOINT WARNING * * *
You are too injured to fight recklessly!
You are too injured to fight recklessly!
You are too injured to fight recklessly!
You are too injured to fight recklessly!
You are too injured to fight recklessly!
You are too injured to fight recklessly!
You are too injured to fight recklessly!
You are too injured to fight recklessly!
Unknown command.
You hit the ogre.
The ogre is lightly wounded.
You hit the adder skeleton. You block the adder skeleton's attack.
The ogre hits you but does no damage.
You hit the ogre.
The ogre is moderately wounded.
You hit the adder skeleton. The adder skeleton barely misses you.
The ogre hits you with a +0 giant spiked club!
You die...

#. #. ### #.. ##.#####
#..###..##..##
#..#.........# ..
#........### ..#
#........# ..#..
##@...(..# .....
.....ZoO......#####
.....
..................#
.....
.............†....#
...#
..................##
...##
...................#
....#
...................###
#...
.....................#
....
.....................##


You could see an ogre, an orc and an adder skeleton.

Vanquished Creatures
  An orc wizard (D:3)
  A hound skeleton (D:4)
  7 adders
  An adder skeleton (D:4)
  2 dart slugs (D:2)
  2 worms
  2 orcs (D:3)
  4 bats
  5 endoplasms
  5 giant cockroaches
  11 goblins
  2 hobgoblins (D:2)
  4 jackals (D:1)
  3 quokkas
  7 ball pythons
  A frilled lizard (D:1)
  4 kobolds
  4 rats
66 creatures vanquished.

Notes
Turn   | Place    | Note
-------+----------+-------------------------------------------
     0 | D:1      | bande the Gargoyle Fighter began the quest for the Orb.
     0 | D:1      | Reached XP level 1. HP: 14/14 MP: 1/1
   130 | D:1      | Found a faded altar of an unknown god.
   307 | D:1      | Reached XP level 2. HP: 14/19 MP: 2/2
  1314 | D:2      | Reached XP level 3. HP: 24/24 MP: 3/3
  1742 | D:2      | Reached XP level 4. HP: 24/29 MP: 4/4
  2460 | D:3      | Reached XP level 5. HP: 26/33 MP: 5/5
  2557 | D:3      | Found an opulent altar of Gozag.
  3148 | D:4      | Noticed an ogre
  3153 | D:4      | Slain by an ogre

Illustrated notes

Levels and vault maps discovered:
D:1:      scummos_arrival_gate, layout_loops_ring,
          chequers_ecumenical_altar_island, grunt_decor_fettered
D:2:      minmay_chambers_of_twos, layout_rooms, serial_aquarium,
          aquarium_bridge_straight [aquarium_subvault_bridge,
          aquarium_subvault_wall, aquarium_subvault_bridge,
          aquarium_subvault_wall], aquarium_window_3, aquarium_window_2,
          aquarium_window_fake, aquarium_view_2a, aquarium_view_2g,
          aquarium_pool_corner
D:3:      layout_rooms, amcnicky_altar_gilded
D:4:      layout_cave_pools, kiku_gazebo_pond_becter

Skill      XL: |  1  2  3  4 |
---------------+-------------+-----
Axes           | 2 3 |  3.5
Fighting       | 4 |  4.2
Armour         | 4 |  4.1
Dodging        | |  0.3
Shields        | |  3.8

Action                   |  1- 3 |  4- 6 || total
-------------------------+-------+-------++-------
Melee: War axe           |   126 |   108 ||   234
  Use: Scroll            |     8 |     2 ||    10
Armor: Scale mail        |    73 |    81 ||   154
Dodge: Dodged            |    89 |    65 ||   154
Block: Buckler           |    33 |    36 ||    69

Table legend: (Time is in decaauts)
 A = Elapsed time spent in this place.
 B = Non-inter-level travel time spent in this place.
 C = Inter-level travel time spent in this place.
 D = Time resting spent in this place.
 E = Time spent auto-exploring this place.
 F = Levels seen in this place.
 G = Mean time per level.
                   A        B        C        D        E       F      G
               +--------+--------+--------+--------+--------+-----+--------+
         Total |   3248 |   3248 |      0 |    540 |   2019 |   4 |  812.0 |
       Dungeon |   3248 |   3248 |      0 |    540 |   2019 |   4 |  812.0 |
               +--------+--------+--------+--------+--------+-----+--------+

Top non-repeatable levels by time:
     D:1: 1333 daAuts
     D:2: 1096 daAuts
     D:3: 611 daAuts
     D:4: 206 daAuts
